Map: Submarine LE

Players

BubblePop

  • Race: Zerg Zerg
  • Spawn Location: 11:00

DxDy - Winner!

  • Race: Terran Terran
  • Spawn Location: 5:00

VOD

Have the link to the VOD?

Description

Time

  • Played on: Jan. 26, 2021, 7:50 a.m.
  • Length: 12:03
Show
View Real Time Build Order
Export as new Build Order

BubblePop Zerg 

Build Orders: Hatch First 

Get SALT Encoding   

  12  0:00  Drone  
  13  0:12  Overlord  
  13  0:18  Drone  
  14  0:31  Drone x2  
  16  0:50  Hatchery  
  15  0:58  Drone x2  
  15  1:03  Drone  
  18  1:16  Spawning Pool  
  17  1:30  Drone x2  
  17  1:31  Extractor  
  17  1:32  Drone  
  19  1:50  Overlord  
  19  2:03  Queen  
  19  2:04  Queen  
  19  2:05  Zergling x4  
  23  2:30  Zergling x4  
  24  2:42  Metabolic Boost  
  18  3:02  Drone  
  18  3:03  Zergling x6  
  20  3:18  Zergling x4  
  15  3:32  Drone, Zergling x2  
  16  3:40  Zergling x2  
  13  3:48  Zergling x4  
  14  3:55  Zergling x2  
  14  4:00  Zergling x2  
  15  4:05  Zergling x2  
  15  4:11  Zergling x2  
  14  4:22  Zergling x4  
  15  4:31  Zergling x2  
  15  4:32  Zergling x2  
  14  4:45  Zergling x2  
  14  4:46  Zergling x2  
  15  4:57  Drone  
  16  5:03  Drone  
  17  5:11  Drone  
  18  5:17  Spine Crawler  
  17  5:26  Drone x3  
  20  5:30  Drone  
  21  5:38  Drone x2  
  23  5:46  Drone  
  24  5:51  Baneling Nest  
  24  5:52  Drone  
  24  5:59  Drone x2  
  26  6:16  Drone x3  
  29  6:28  Drone x2  
  29  6:31  Queen x2  
  35  6:35  Baneling x3  
  35  6:37  Zergling x2  
  36  6:44  Baneling x2  
  36  6:46  Overlord  
  36  6:53  Overlord  
  36  7:03  Overlord  
  33  7:27  Overlord  
  33  7:29  Drone x5  
  37  7:30  Lair  
  37  7:37  Roach Warren  
  37  7:38  Evolution Chamber  
  37  7:39  Evolution Chamber  
  34  7:45  Overlord  
  34  7:58  Drone x3  
  37  8:00  Extractor  
  37  8:02  Hatchery  
  35  8:23  Drone x6  
  35  8:25  Drone  
  42  8:32  Roach x4  
  50  8:35  Zergling x2  
  49  8:41  Queen  
  49  8:44  Roach x2  
  55  8:49  Overlord  
  55  8:52  Overlord  
  55  9:19  Spire  
  54  9:40  Overlord  
  54  9:50  Extractor  
  54  9:51  Overlord x2  
  54  9:52  Extractor  
  52  9:53  Drone x3  
  52  9:57  Drone x2  
  57  10:00  Overlord x3  
  57  10:04  Zerg Missile Weapons Level 1  
  57  10:05  Overlord x2  
  57  10:09  Overlord  
  57  10:13  Drone x2  
  57  10:14  Drone x4  
  63  10:39  Overlord  
  61  10:56  Mutalisk x5  
  61  10:57  Mutalisk x2  
  75  11:07  Spore Crawler  
  75  11:10  Spore Crawler  
  73  11:12  Spore Crawler  
  73  11:16  Spore Crawler  
  73  11:18  Mutalisk x2  
  75  11:33  Mutalisk x2  
  79  11:41  Drone x12  
Show
View Real Time Build Order
Export as new Build Order

DxDy Terran - Winner!

Build Orders:  

Get SALT Encoding   

  12  0:00  SCV  
  13  0:17  SCV  
  14  0:24  Supply Depot  
  14  0:30  SCV  
  15  0:45  SCV  
  15  0:48  Barracks  
  16  0:56  Barracks  
  16  1:00  SCV  
  17  1:12  SCV  
  18  1:19  Barracks  
  18  1:25  SCV  
  19  1:37  Marine  
  20  1:46  Marine  
  21  1:50  Supply Depot  
  21  1:58  Marine  
  22  2:04  SCV  
  22  2:07  Bunker  
  23  2:12  Marine  
  23  2:16  Marine  
  24  2:27  Bunker  
  24  2:29  Marine  
  24  2:34  Marine  
  24  2:35  Orbital Command  
  25  2:42  Supply Depot  
  23  2:47  Marine  
  24  2:52  Marine  
  24  3:05  Marine  
  25  3:09  Marine  
  25  3:23  Marine  
  26  3:27  Marine  
  25  3:41  Marine  
  24  3:42  SCV  
  24  3:45  Marine  
  26  3:57  SCV, Command Center  
  26  3:58  Marine  
  26  3:59  Refinery x2  
  28  4:03  Marine  
  29  4:16  Marine  
  26  4:21  Marine  
  27  4:34  Marine  
  28  4:38  Marine  
  28  4:41  SCV  
  22  5:03  SCV  
  21  5:08  Factory  
  21  5:10  Command Center  
  21  5:12  Orbital Command  
  21  5:16  SCV  
  22  5:28  SCV  
  23  5:39  SCV  
  23  5:40  SCV  
  25  5:52  SCV x2  
  25  5:53  Engineering Bay, Hellion  
  25  5:55  Factory  
  29  6:04  SCV x2  
  30  6:05  Armory  
  30  6:07  Starport  
  31  6:16  SCV x2, Factory Reactor  
  33  6:26  Orbital Command  
  33  6:28  SCV  
  34  6:33  Missile Turret  
  34  6:34  SCV  
  35  6:40  Factory, SCV, Factory Tech Lab  
  35  6:45  Viking  
  38  6:47  SCV  
  39  6:57  Hellion  
  39  6:58  Hellion  
  43  7:02  SCV  
  42  7:13  Cyclone  
  44  7:19  Hellion x2  
  47  7:30  Factory Tech Lab  
  47  7:33  Terran Vehicle And Ship Armor Level 1  
  47  7:35  Supply Depot  
  47  7:50  Orbital Command  
  47  7:55  SCV x2  
  49  8:11  Supply Depot  
  49  8:12  Supply Depot  
  49  8:19  Starport Reactor  
  49  8:23  Refinery  
  49  8:24  Missile Turret  
  49  8:25  Missile Turret  
  49  8:27  Refinery  
  49  8:32  Hellion x2  
  53  8:35  Bunker  
  53  8:49  Cyclone  
  53  8:51  SCV x2  
  58  9:00  SCV  
  58  9:01  Marine  
  60  9:03  SCV  
  60  9:07  Liberator  
  64  9:18  Marine  
  64  9:22  Supply Depot  
  65  9:24  Supply Depot  
  65  9:30  Terran Vehicle And Ship Armor Level 2  
  65  9:33  Armory, Infernal Pre-Igniter  
  65  9:34  Mag-Field Accelerator  
  65  9:36  Marine  
  65  9:38  SCV  
  67  9:44  Missile Turret  
  67  9:47  Orbital Command  
  67  9:49  Refinery  
  67  9:51  Supply Depot  
  67  9:53  Refinery, Barracks  
  67  9:54  Marine  
  67  9:59  Hellion  
  70  10:07  Liberator  
  73  10:25  Cyclone x2  
  73  10:26  SCV  
  73  10:27  SCV x2  
  82  10:33  Missile Turret  
  82  10:38  SCV  
  82  10:39  Hellion x2  
  82  10:41  SCV x2  
  89  10:51  SCV  
  89  10:53  SCV x2  
  89  10:57  Factory, Cyclone  
  92  10:58  Factory  
  92  11:03  SCV  
  96  11:04  Missile Turret  
  96  11:05  SCV  
  96  11:10  Missile Turret, SCV  
  98  11:15  SCV  
  98  11:17  SCV  
  100  11:29  Missile Turret, Widow Mine  
  100  11:30  Widow Mine  
  113  11:35  Missile Turret  
  113  11:36  Missile Turret  
  113  11:41  Missile Turret, Factory Reactor  
  113  11:43  Factory Tech Lab  
Tags
 
Matchup
TvZ
Spawn Locations
Cross Positions
Add a new tag
Caveats
  • Supply blocks, unpowered buildings, or Contaminate may cause inaccurate times.
  • Supply counts are checked every 10 seconds.